 Dungeon Crawl Stone Soup version 0.29.1-14-g9c671dbff4 (webtiles) character file.

Game seed: 14352653708180314757

10674 croobank the Chiller (level 11, 0/89 HPs)
             Began as a Demigod Ice Elementalist on Feb 16, 2023.
             Slain by an anaconda simulacrum (30 damage)
             ... in an ice cave.
             The game lasted 00:44:25 (12048 turns).

croobank the Chiller (Demigod Ice Elementalist)    Turns: 12048, Time: 00:44:25

Health: 0/89       AC: 14    Str: 20    XL:     11   Next: 17%
Magic:  29/32      EV: 11    Int: 29    God:
Gold:   511        SH:  6    Dex: 14    Spells: 3/21 levels left

rFire   . . .      SeeInvis .   I - +1 war axe (spect)
rCold   . . .      Faith    .   r - +1 buckler
rNeg    . . .      Spirit   .   W - +1 leather armour of Tuorumih {rCorr Str+5}
rPois   .          Reflect  .   (no helmet)
rElec   .          Harm     .   Q - scarf {repulsion}
rCorr   +          Rampage  .   k - +1 pair of gloves
Will    +....                   B - +0 pair of boots
Stlth   +++.......              h - amulet of regeneration
HPRegen 1.04/turn               y - ring of magical power
MPRegen 0.23/turn               D - +6 ring of strength

@: ice-armoured, constricted, repel missiles
A: high MP 1, forlorn, divine attributes
a: no special abilities


You were in an ice cave.
You visited 1 branch of the dungeon, and saw 11 of its levels.
You also visited: Ice Cave.

You collected 511 gold pieces.

Inventory:

Hand Weapons
 v - a +3 dagger
 w - a +2 dagger of speed
 x - a +0 rapier
 C - a +1 dagger of venom
 G - a +2 falchion of holy wrath
 I - a +1 spectral war axe (weapon)
 J - a +0 trident
 L - a +1 spear of flaming
 N - the +4 falchion of Dishonour {drain, rN+}
   (You took it off a gnoll on level 7 of the Dungeon)

   A truly terrible weapon, it drains the life of any living foe it strikes.
   rN:        It protects you from negative energy.
 S - a +4 dire flail of freezing
 U - a +8 spectral halberd
 Z - a +0 spectral quarterstaff
Missiles
 M - 28 poisoned darts
 P - 3 curare-tipped darts
Armour
 k - a +1 pair of gloves (worn)
 r - a +1 buckler (worn)
 B - a +0 pair of boots (worn)
 Q - a scarf of repulsion (worn)
 W - the +1 leather armour of Tuorumih (worn) {rCorr Str+5}
   (You found it on level 9 of the Dungeon)

   Str:       It affects your strength (+5).
   rCorr:     It protects you from acid and corrosion.
Magical Staves
 b - a staff of conjuration
Jewellery
 h - an amulet of regeneration (around neck)
 y - a ring of magical power (left hand)
 D - a +6 ring of strength (right hand)
Wands
 i - a wand of iceblast (4)
 j - a wand of paralysis (7)
 t - a wand of light (8)
 T - a wand of flame (32)
Scrolls
 m - a scroll of vulnerability
 F - 3 scrolls of butterflies
 H - a scroll of brand weapon
 X - a scroll of immolation
Potions
 d - 2 potions of lignification
 f - 4 potions of heal wounds
 l - 2 potions of mutation
 o - 4 potions of curing {unknown}
 p - 2 potions of might {unknown}
 q - 4 potions of flight {unknown}
 s - 2 potions of degeneration {unknown}
 z - a potion of resistance {unknown}
 A - a potion of ambrosia
 E - 3 potions of brilliance
 O - a potion of magic


   Skills:
 + Level 5.7 Fighting
 + Level 6.1 Axes
 + Level 2.7 Armour
 + Level 6.1 Dodging
 + Level 6.8 Stealth
 - Level 3.0 Shields
 + Level 5.7 Spellcasting
 + Level 4.5 Conjurations
 * Level 4.1 Fire Magic
 + Level 7.0 Ice Magic


You had 3 spell levels left.
You knew the following spells:

 Your Spells              Type           Power      Damage    Failure   Level
a - Freeze                Ice            100%       1d11      1%          1
b - Frozen Ramparts       Ice            98%        1d15      1%          3
c - Ozocubu's Armour      Ice            49%        N/A       1%          3
d - Hailstorm             Conj/Ice       41%        3d10      9%          4
e - Fireball              Conj/Fire      16%        3d8       38%         5
f - Scorch                Fire           64%        2d8       2%          2

Your spell library contained the following spells:

 Spells                   Type           Power      Damage    Failure   Level
 Shock                    Conj/Air       84%        1d8       3%          1
 Conjure Flame            Conj/Fire      33%        6-21      4%          3
 Dazzling Flash           Conj/Hex       42%        N/A       11%         3
 Ignite Poison            Fire/Tmut/Pois 16%        N/A       16%         3
 Call Canine Familiar     Summ           8%         N/A       26%         3
 Portal Projectile        Hex/Tloc       16%        N/A       26%         3
 Swiftness                Air            8%         N/A       26%         3
 Flame Wave               Conj/Fire      33%        2d10      16%         4
 Sticky Flame             Conj/Fire      33%        2d5       16%         4
 Iskenderun's Battlesphe  Conj           34%        2d9       36%         5
 Airstrike                Air            4%         2d(1-17)  65%         4
 Leda's Liquefaction      Hex/Erth       4%         N/A       65%         4
 Agony                    Necr           8%         N/A       94%         5
 Silence                  Hex/Air        4%         N/A       94%         5
 Conjure Ball Lightning   Conj/Air       10%        3x3d6     99%         6
 Iron Shot                Conj/Erth      10%        9d3       99%         6
 Summon Cactus Giant      Summ           4%         N/A       100%        6
 Orb of Destruction       Conj           17%        9d7       100%        7
 Spellforged Servitor     Conj/Summ      10%        N/A       100%        7


Dungeon Overview and Level Annotations

Branches:
Dungeon (11/15)            Temple (0/1) D:7            Lair (0/5) D:8
    Orc (0/2) D:11          IceCv (1/1)

Shops:
D:10 [

Annotations:
D:5 3 runed translucent doors, tizbic2's ghost, novice DgNe
D:10 !stone giant


Innate Abilities, Weirdness & Mutations

You have an increased reservoir of magic. (+10% MP)
You shall have no god before yourself.
Your divine heritage dramatically boosts your attributes as you level up.


Message History

Your icy armour starts to melt.
You start resting.
Your icy armour evaporates.
a - a scroll labelled HUONLEY NOSOZ You start resting.
HP restored.
Found 4 stones.
Blink to where?
Press: ? - help, Dir - move target, f - you Are you sure you want to cancel this blink?
Okay, then.
As you read the scroll labelled HUONLEY NOSOZ, it crumbles to dust.
It was a scroll of blinking.
You open the door.
There is an open door here.
You open the door.
An anaconda simulacrum comes into view.
There is an open door here.
The helpless anaconda simulacrum fails to defend itself.
You slash the anaconda simulacrum!
The anaconda simulacrum is moderately damaged.
The anaconda simulacrum grabs you.
The anaconda simulacrum bites you but does no damage.
The anaconda simulacrum constricts you. The anaconda simulacrum bites you.
The anaconda simulacrum freezes you!! The anaconda simulacrum constricts you.
The anaconda simulacrum's grasp on you weakens, but your attempt to escape fails.
The anaconda simulacrum barely misses you.
The anaconda simulacrum constricts you.
The anaconda simulacrum completely misses you.
The anaconda simulacrum constricts you.
Casting: Ozocubu's Armour (safe; 1% risk of failure)
Confirm with . or Enter, or press ? or * to list all spells.
A film of ice covers your body! The anaconda simulacrum bites you.
The anaconda simulacrum freezes you! The anaconda simulacrum constricts you.
You barely miss the anaconda simulacrum.
The anaconda simulacrum is moderately damaged.
The anaconda simulacrum bites you but does no damage.
The anaconda simulacrum constricts you. The anaconda simulacrum bites you!
The anaconda simulacrum freezes you!!
You die...

# . #+# ### ###
#.# #Z# #.⌠
#+#+#.#+#@# #4
+.........#
########.8.8.8.8.#
..#..............#
..'..............+
..#..............#
########.8.8.8.8.#
#4(+ +.........#
#4⌠# #+#+#.#+#+#


You could see an anaconda simulacrum.

Vanquished Creatures
  An ogre mage (D:10)
  A two-headed ogre (D:10)
  2 centaur warriors (D:10)
  2 ice statues (IceCv)
  A gargoyle (D:10)
  A kobold demonologist (D:7)
  2 ice devils (IceCv)
  A troll (D:10)
  A hornet (D:5)
  15 yaks (D:10)
  2 steam dragons
  An acid dragon (D:10)
  2 water moccasins
  An orc warrior (D:9)
  A sky beast (D:7)
  4 ogres
  5 centaurs
  2 phantoms
  9 kobold brigands
  3 bullfrogs
  A gnoll sergeant (D:7)
  3 scorpions
  7 wights (D:8)
  2 two-headed ogre simulacra (IceCv)
  A cane toad simulacrum (IceCv)
  3 howler monkeys
  3 hounds
  A gnoll bouda (D:7)
  3 orc priests
  An iguana (D:7)
  3 orc wizards
  A centaur simulacrum (D:10)
  12 gnolls
  5 adders
  2 shadow imps
  14 white imps
  5 ufetubi
  A worm (D:3)
  5 dart slugs
  29 orcs
  8 ball pythons
  9 endoplasms
  2 giant cockroaches (D:1)
  9 goblins
  8 hobgoblins
  2 jackals (D:4)
  A quokka (D:1)
  4 bats
  4 frilled lizards
  39 kobolds
  5 rats
  A spectral orc (D:5)
251 creatures vanquished.

Vanquished Creatures (others)
  12 fungi (D:7)
12 creatures vanquished.

Grand Total: 263 creatures vanquished

Notes
Turn   | Place    | Note
-------+----------+-------------------------------------------
     0 | D:1      | croobank the Demigod Ice Elementalist began the quest for
                  | the Orb.
     0 | D:1      | Reached XP level 1. HP: 14/14 MP: 5/5
   719 | D:1      | Reached XP level 2. HP: 16/20 MP: 2/7
  1270 | D:1      | Reached XP level 3. HP: 6/27 MP: 5/8
  1505 | D:1      | Learned a level 3 spell: Frozen Ramparts
  2227 | D:2      | Reached skill level 1 in Fighting
  3154 | D:3      | Reached skill level 4 in Ice Magic
  3328 | D:3      | Reached XP level 4. HP: 26/35 MP: 5/10
  3518 | D:3      | Learned a level 3 spell: Ozocubu's Armour
  3761 | D:3      | Noticed an ogre
  3774 | D:3      | Killed an ogre
  3775 | D:3      | Reached skill level 1 in Shields
  3775 | D:3      | Reached XP level 5. HP: 37/41 MP: 1/11
  4614 | D:4      | Reached XP level 6. HP: 11/48 MP: 10/13
  5355 | D:5      | Entered Level 5 of the Dungeon
  5441 | D:5      | Noticed a water moccasin
  5446 | D:5      | Killed a water moccasin
  5514 | D:5      | Noticed a hornet
  5523 | D:5      | Killed a hornet
  5524 | D:5      | Reached XP level 7. HP: 56/56 MP: 9/15
  5788 | D:5      | Reached skill level 5 in Ice Magic
  5976 | D:5      | Noticed tizbic2's ghost (novice DgNe)
  6314 | D:5      | Found a runed translucent gate.
  6324 | D:5      | Found a runed translucent gate.
  6325 | D:5      | Found a runed translucent gate.
  6525 | D:6      | Learned a level 4 spell: Hailstorm
  6725 | D:6      | Reached XP level 8. HP: 62/63 MP: 17/17
  6933 | D:6      | Reached skill level 1 in Conjurations
  7754 | D:7      | Reached skill level 1 in Axes
  7859 | D:7      | Identified the +4 falchion of Dishonour {drain, rN+}
  7868 | D:7      | Found a staircase to the Ecumenical Temple.
  7882 | D:7      | Reached skill level 5 in Stealth
  8313 | D:7      | Noticed a kobold demonologist
  8316 | D:7      | Noticed a sun demon
  8370 | D:7      | Noticed a sun demon
  8371 | D:7      | Noticed a rust devil
  8371 | D:7      | Killed a kobold demonologist
  8372 | D:7      | Reached XP level 9. HP: 57/71 MP: 19/19
  9061 | D:8      | Reached skill level 5 in Dodging
  9061 | D:8      | Reached skill level 6 in Ice Magic
  9544 | D:8      | Found a staircase to the Lair.
 10033 | D:9      | Identified the +1 leather armour of Tuorumih {rCorr Str+5}
 10490 | D:9      | Learned a level 5 spell: Fireball
 10514 | D:10     | Entered Level 10 of the Dungeon
 10517 | D:10     | Found Ogastup's Antique Armour Emporium.
 10524 | D:10     | Reached skill level 5 in Spellcasting
 10530 | D:10     | Reached skill level 1 in Fire Magic
 10592 | D:10     | Noticed a gargoyle
 10598 | D:10     | Reached XP level 10. HP: 80/80 MP: 17/21
 10599 | D:10     | Reached skill level 5 in Fighting
 10599 | D:10     | Reached skill level 1 in Armour
 10748 | D:10     | Reached skill level 5 in Axes
 11011 | D:10     | Noticed a two-headed ogre
 11019 | D:10     | Killed a two-headed ogre
 11055 | D:10     | Noticed a centaur warrior
 11063 | D:10     | Killed a centaur warrior
 11094 | D:10     | Noticed a centaur warrior
 11100 | D:10     | Killed a centaur warrior
 11220 | D:10     | Noticed a stone giant
 11223 | D:10     | Noticed an ogre mage
 11232 | D:10     | Killed an ogre mage
 11233 | D:10     | Reached XP level 11. HP: 84/88 MP: 23/23
 11293 | D:10     | Noticed a two-headed ogre
 11368 | D:11     | Found a frozen archway.
 11410 | IceCv    | Entered an ice cave
 11416 | IceCv    | Learned a level 2 spell: Scorch
 11949 | IceCv    | Reached skill level 7 in Ice Magic
 12048 | IceCv    | Slain by an anaconda simulacrum

Illustrated notes

Levels and vault maps discovered:
D:1:      reono_arrival_forest_river, layout_loops_ring,
          dreamdust_ecumenical_altar_angels_and_demons, minmay_pentomino_x2
D:2:      layout_basic
D:3:      layout_loops_ring, mainiacjoe_overflow_concentric_impassable,
          chequers_serial_rivers_room_a
D:4:      layout_cave_pools, lemuel_doored_altar
D:5:      layout_rooms, yredelemnul_forgotten_temple_becter,
          mainiacjoe_overflow_six_doors_small, gammafunk_ghost_split
D:6:      layout_basic, nicolae_ru_path_of_blood,
          mainiacjoe_overflow_catch_the_wave, serial_curves, eino_curves_01,
          eino_curves_02, eino_curves_03, eino_curves_02
D:7:      layout_basic, minmay_temple_entry_purple_smoke, serial_rivers,
          chequers_serial_rivers_micro_d, chequers_serial_rivers_room_b,
          chequers_serial_rivers_room_b, chequers_serial_rivers_micro_d,
          chequers_serial_rivers_small_b, chequers_serial_rivers_room_b,
          dreamdust_gnoll_farm
D:8:      layout_rooms, marbit_many_paths, mainiacjoe_overflow_catwalk_spiral,
          pdpol_wu_jian_five_deadly_venoms, lair_entry_dummy
D:9:      layout_basic, lemuel_crystal_altar
D:10:     nzn_winding_woodlands_large [nzn_winding_woodlands_5x5_three,
          nzn_winding_woodlands_5x15_crooked, nzn_winding_woodlands_5x5_cross,
          nzn_winding_woodlands_center_lodge,
          nzn_winding_woodlands_15x15_boxy_spiral,
          nzn_winding_woodlands_center_triple_pond,
          nzn_winding_woodlands_5x5_open_star,
          nzn_winding_woodlands_5x15_jagged,
          nzn_winding_woodlands_5x5_closed_star], layout_loops_ring,
          nicolae_tso_swordbearing_angel, minitemple, serial_shops,
          nicolae_shop_advertising_works [nicolae_subvault_shop_adworks]
D:11:     layout_long_grid, hiddenorc2_lemuel, portal_ice_cave_entry_imps,
          nicolae_hexahallways, glass_columns_a, patterned_corridor, uniq_sonja
IceCv:    ice_cave_tombish

Skill      XL: |  1  2  3  4  5  6  7  8  9 10 11 |
---------------+----------------------------------+-----
Stealth        | 2 3 4 5 6 |  6.8
Dodging        | 2 3 4 5 6 |  6.1
Spellcasting   | 2 3 4 5 |  5.7
Fighting       | 1 2 3 4 5 |  5.7
Ice Magic      | 4 5 6 7 |  7.0
Shields        | 1 2 3 |  3.0
Conjurations   | 2 3 4 |  4.5
Axes           | 2 4 5 6 |  6.1
Fire Magic     | 1 3 4 |  4.1
Armour         | 2 |  2.7

Action                   |  1- 3 |  4- 6 |  7- 9 | 10-12 || total
-------------------------+-------+-------+-------+-------++-------
Melee: Short sword       |    52 |     4 |       |       ||    56
       Punch             |     1 |       |       |       ||     1
       Dagger            |       |    50 |    55 |       ||   105
       War axe           |       |       |    97 |    79 ||   176
       Trident           |       |       |     5 |       ||     5
 Cast: Freeze            |    44 |    26 |    30 |     3 ||   103
       Frozen Ramparts   |     8 |    17 |    32 |     5 ||    62
       Ozocubu's Armour  |       |    12 |    34 |    12 ||    58
       Hailstorm         |       |       |    19 |     9 ||    28
       Scorch            |       |       |       |    13 ||    13
       Fireball          |       |       |       |     2 ||     2
Evoke: Wand              |       |     3 |     2 |     2 ||     7
  Use: Scroll            |       |     9 |     9 |     4 ||    22
       Potion            |       |       |       |     4 ||     4
 Stab: Sleeping          |     7 |     6 |     4 |     1 ||    18
       Paralysed         |       |       |     2 |       ||     2
       Invisible         |       |       |     1 |     1 ||     2
       Distracted        |       |       |     1 |     2 ||     3
Armor: Robe              |    15 |    10 |    44 |       ||    69
       Leather armour    |       |       |     7 |    12 ||    19
       Steam dragon scal |       |       |       |    14 ||    14
       Troll leather arm |       |       |       |     5 ||     5
Dodge: Dodged            |    49 |    43 |   120 |    45 ||   257
       Repelled          |       |       |     1 |     4 ||     5
Block: Buckler           |     4 |    13 |    56 |    25 ||    98
